 Dungeon Crawl Stone Soup version 0.31-a0-441-g867994ef1c (webtiles) character file.

Game seed: 6306839569623274072

14299 Dittersdorf the Protected (level 12, -1/80 HPs)
             Began as a Gargoyle Fighter on Aug 2, 2023.
             Was a High Priest of Okawaru.
             Slain by an ogre
             ... wielding a +0 giant club
              (4 damage)
             ... on level 1 of the Orcish Mines.
             The game lasted 00:18:02 (9096 turns).

Dittersdorf the Protected (Gargoyle Fighter)        Turns: 9096, Time: 00:18:02

Health: -1/80      AC: 34    Str: 29    XL:     12   Next: 15%
Magic:  12/12      EV:  8    Int:  8    God:    Okawaru [*****.]
Gold:   1044       SH:  6    Dex: 11    Spells: 11/11 levels left

rFire   . . .        J - +6 flail "Jualot" {heavy, Str+3}
rCold   . . .        c - +0 buckler
rNeg    + . .        q - +1 plate armour
rPois   ∞            w - +2 hat {SInv}
rElec   +            B - scarf {+Inv}
rCorr   .            H - +0 pair of gloves
SInv    +            e - +1 pair of boots of the Ant {Dex+2}
Will    +....        f - amulet of regeneration Stlth
                     i - +4 ring of protection
HPRegen 1.13/turn    h - ring of willpower
MPRegen 0.13/turn

%: no passive effects
@: no status effects
A: sickness immunity, AC +8, negative energy resistance 1, electricity
resistance, torment resistance 1, petrification resistance
a: Renounce Religion, Evoke Invisibility, Heroism, Finesse, Duel


You were on level 1 of the Orcish Mines.
You worshipped Okawaru.
Okawaru was extremely pleased with you.
You visited 2 branches of the dungeon, and saw 12 of its levels.

You collected 1044 gold pieces.

Inventory:

Hand Weapons
 G - a +1 morningstar
 J - the +6 flail "Jualot" (weapon) {heavy, Str+3}
   (You found it on level 9 of the Dungeon)

   Str:       It affects your strength (+3).
Missiles
 x - a throwing net
 y - 5 curare-tipped darts (quivered)
Armour
 c - a +0 buckler (worn)
 e - the +1 pair of boots of the Ant (worn) {Dex+2}
   (You found it on level 4 of the Dungeon)

   Dex:       It affects your dexterity (+2).
 q - a +1 plate armour (worn)
 w - a +2 hat of see invisible (worn)
 B - a scarf of invisibility (worn)
 H - a +0 pair of gloves (worn)
Jewellery
 f - an amulet of regeneration (around neck)
 h - a ring of willpower (right hand)
 i - a +4 ring of protection (left hand)
 F - a ring of ice
 K - the ring of Sim Esu {Fire rElec rPois rCorr}
   (You found it on level 9 of the Dungeon)

   [ring of fire]

   It enhances your fire magic.
   rF:        It protects you from fire.
   rC:        It makes you vulnerable to cold.
   rElec:     It insulates you from electricity.
   rPois:     It protects you from poison.
   rCorr:     It protects you from acid and corrosion.
Wands
 j - a wand of flame (7)
 t - a wand of roots (5)
 A - a wand of digging (3)
Scrolls
 b - a scroll of enchant weapon
 k - 3 scrolls of teleportation
 p - a scroll of fog
 C - a scroll of fear
Potions
 a - 2 potions of lignification {unknown}
 d - a potion of might
 g - 3 potions of degeneration {unknown}
 l - 2 potions of resistance {unknown}
 m - 6 potions of heal wounds {unknown}
 n - 2 potions of curing {unknown}
 o - 2 potions of haste {unknown}
 r - 2 potions of cancellation
 s - 2 potions of enlightenment
 D - a potion of invisibility
 I - 2 potions of magic


   Skills:
 + Level 11.2 Fighting
 + Level 10.0 Maces & Flails
 + Level 11.2 Armour
 + Level 11.2 Shields


You had 11 spell levels left.
You didn't know any spells.
Your spell library was empty.

Dungeon Overview and Level Annotations

Branches:
Dungeon (10/15)            Temple (0/1) D:6             Orc (2/2) D:9
   Lair: D:8-11         Elf: Orc:2

Altars:
Fedhas
Okawaru
Qazlal
Ru
Sif Muna
Trog
Vehumet
Xom
The Shining One

Shops:
D:1 (   D:5 (

Annotations:
D:3 2 runed translucent doors, Maxmaps's ghost, amateur OpSh
Orc:1 Donald
Orc:2 Saint Roka


Innate Abilities, Weirdness & Mutations

You are immune to sickness and miasma.
Your stone body is resilient. (AC +8)
You are immune to poison.
You resist negative energy. (rN+)
You are resistant to electric shocks. (rElec)
You are resistant to unholy torment.
You are immune to petrification.


Message History

The orc warrior unwields a +0 hand axe.
The orc warrior wields a +0 orcbow.
The orc warrior shoots an arrow.
The arrow closely misses you.
The arrow hits the ogre!
The ogre barely misses you. The ogre closely misses you.
Saint Roka calls down the wrath of Beogh upon you.
Beogh smites you! Donald barely misses you.
The orc warrior hits you but does no damage.
The ogre closely misses you.
Saint Roka mumbles some strange prayers to Beogh against you.
Beogh smites you!
The orc warrior hits you but does no damage.
You block the orc warrior's attack.
The orc knight roars a battlecry!
The orcs go into a battle-frenzy!
The orc knight roars a battlecry!
The orc knight goes into a battle-frenzy!
The orc warrior shoots an arrow.
The arrow closely misses you.
The arrow hits the ogre!!
The ogre dies!
There is a stone staircase leading up here.
The ogre hits you with a +0 giant club!
Donald says, "I'll never be able to carry all this gold!
I hate that."
Donald hits you with a +5 long sword of holy wrath.
The orc warrior hits you but does no damage.
You block the orc knight's attack.
Saint Roka roars a battlecry!
The orc warrior hits you with a +0 long sword!
The orc warrior hits you with a +0 hand axe!
* * * LOW HITPOINT WARNING * * *
You climb upwards.
There is a stone staircase leading down here.
The orc warrior attacks as you move away!
The orc warrior hits you with a +0 hand axe!
* * * LOW HITPOINT WARNING * * *
The orc warrior attacks as you move away!
The orc warrior hits you with a +0 long sword!
* * * LOW HITPOINT WARNING * * *
Donald casts a spell.
Donald seems to grow stronger.
The ogre hits you with a +0 giant club.
You die...

..#)....#...<..............#
.#.........[)[..#.........## #
###.....#.#................# ##
..#........#...........#..######.
.......................#...##.#.#
..........................#......
.......#......................#..
.##...........oOo................
.##...........oO@.............#..
......##.......@.....#.......#.#.
.##..####............#...........
###### #.._........#............
# #........................
##..............##.#......
#....)#....#.#....#.......
##.#......................
#...#.#........##.#.......


You could see Donald (strong), an orc knight (strong), 2 orc warriors and 2
ogres.

Vanquished Creatures
  Gastronok (D:8)
  A centaur warrior (D:9)
  2 two-headed ogres
  Erica (D:9)
  A sea snake (shapeshifter) (D:9)
  An orc knight (Orc:1)
  An orc sorcerer (Orc:1)
  A cyclops (D:9)
  Psyche (D:8)
  A komodo dragon (D:10)
  3 hornets (D:9)
  3 trolls
  A shadow (D:10)
  A wraith (D:9)
  8 yaks
  A wyvern (D:9)
  4 humans (D:7)
  A steam dragon (D:8)
  2 wargs
  15 orc warriors
  2 sky beasts
  2 black bears (D:4)
  An ice beast (D:6)
  5 centaurs
  4 ogres
  A phantom (D:5)
  3 kobold brigands
  A gnoll sergeant (D:9)
  4 scorpions
  A bullfrog (D:8)
  3 wights (D:8)
  8 killer bees
  7 hounds
  8 orc priests
  A gnoll bouda (D:6)
  2 jellies (D:5)
  Jessica (D:3)
  2 iguanas
  2 sleepcaps (D:4)
  11 orc wizards
  9 gnolls
  12 adders
  A shadow imp (D:5)
  3 white imps
  An ufetubus (D:6)
  A worm (D:2)
  7 dart slugs
  55 orcs
  5 endoplasms
  2 giant cockroaches
  5 goblins
  8 hobgoblins
  4 jackals (D:4)
  3 quokkas
  3 bats
  2 frilled lizards
  19 kobolds
  3 rats
262 creatures vanquished.

Vanquished Creatures (others)
  An ogre (Orc:2)
1 creature vanquished.

Grand Total: 263 creatures vanquished

Notes
Turn   | Place    | Note
-------+----------+-------------------------------------------
     0 | D:1      | Dittersdorf the Gargoyle Fighter began the quest for the
                  | Orb.
     0 | D:1      | Reached XP level 1. HP: 14/14 MP: 1/1
   130 | D:1      | Reached XP level 2. HP: 15/19 MP: 2/2
   355 | D:1      | Found Boxix's Antique Weapon Boutique.
   478 | D:1      | Reached XP level 3. HP: 23/23 MP: 3/3
  1131 | D:2      | Identified the +6 spear "Pufugan" {heavy, rF+ rC+}
  1449 | D:3      | Found a runed translucent door.
  1453 | D:3      | Noticed Maxmaps's ghost (amateur OpSh)
  1470 | D:3      | Reached XP level 4. HP: 29/29 MP: 4/4
  1485 | D:3      | Noticed Jessica
  1498 | D:3      | Killed Jessica
  1678 | D:3      | Reached XP level 5. HP: 33/33 MP: 5/5
  1774 | D:3      | Found a runed translucent door.
  2020 | D:4      | Found a radiant altar of Vehumet.
  2143 | D:4      | Found a bloodstained altar of Trog.
  2143 | D:4      | Noticed a black bear
  2143 | D:4      | Noticed a black bear
  2169 | D:4      | Killed a black bear
  2170 | D:4      | Reached XP level 6. HP: 21/39 MP: 6/6
  2179 | D:4      | Killed a black bear
  2382 | D:4      | Reached skill level 5 in Fighting
  2393 | D:4      | Identified the +1 pair of boots of the Ant {Dex+2}
  2637 | D:5      | Entered Level 5 of the Dungeon
  2647 | D:5      | Reached skill level 5 in Shields
  2673 | D:5      | Reached skill level 5 in Armour
  2673 | D:5      | Reached XP level 7. HP: 42/44 MP: 7/7
  2847 | D:5      | Found a shimmering blue altar of Sif Muna.
  2944 | D:5      | Found a sacrificial altar of Ru.
  2968 | D:5      | Reached XP level 8. HP: 47/51 MP: 8/8
  3161 | D:5      | Reached skill level 5 in Maces & Flails
  3543 | D:5      | Found Geaschik's Weapon Boutique.
  3700 | D:6      | Found a stormy altar of Qazlal.
  3795 | D:6      | Found an iron altar of Okawaru.
  3807 | D:6      | Found a shimmering altar of Xom.
  3820 | D:6      | Became a worshipper of Warmaster Okawaru
  3958 | D:6      | Found a staircase to the Ecumenical Temple.
  4038 | D:6      | Identified the +2 trident of Nuddocu {speed, *Slow rElec
                  | rPois Dex+4}
  4209 | D:6      | Found a shimmering altar of Xom.
  4210 | D:6      | Found a shimmering altar of Xom.
  4211 | D:6      | Found a shimmering altar of Xom.
  4217 | D:6      | Found a shimmering altar of Xom.
  4219 | D:6      | Found a shimmering altar of Xom.
  4219 | D:6      | Found a shimmering altar of Xom.
  4441 | D:6      | Reached * piety under Okawaru
  4610 | D:7      | Reached XP level 9. HP: 56/56 MP: 9/9
  5257 | D:8      | Noticed a two-headed ogre
  5309 | D:8      | Killed a two-headed ogre
  5309 | D:8      | Reached ** piety under Okawaru
  5310 | D:8      | Reached XP level 10. HP: 54/64 MP: 10/10
  5351 | D:8      | Noticed Gastronok
  5384 | D:8      | Killed Gastronok
  5458 | D:8      | Noticed Psyche
  5489 | D:8      | Killed Psyche
  5548 | D:8      | Found a blossoming altar of Fedhas.
  6132 | D:9      | Found a staircase to the Orcish Mines.
  6187 | D:9      | Noticed Erica
  6208 | D:9      | Killed Erica
  6208 | D:9      | Reached *** piety under Okawaru
  6208 | D:9      | Received a gift from Okawaru
  6325 | D:9      | Noticed a cyclops
  6342 | D:9      | Killed a cyclops
  6343 | D:9      | Reached XP level 11. HP: 63/71 MP: 11/11
  6679 | D:9      | Noticed a skyshark
  6682 | D:9      | Noticed a centaur warrior
  6716 | D:9      | a skyshark changed into a faun
  6716 | D:9      | Noticed a faun (shapeshifter)
  6742 | D:9      | a faun changed into a sea snake
  6742 | D:9      | Noticed a sea snake (shapeshifter)
  6753 | D:9      | Killed a sea snake
  6754 | D:9      | Reached skill level 10 in Fighting
  6840 | D:9      | Killed a centaur warrior
  6841 | D:9      | Reached skill level 10 in Armour
  6841 | D:9      | Reached skill level 10 in Shields
  7099 | D:9      | Identified the +6 flail "Jualot" {heavy, Str+3}
  7104 | D:9      | Identified the ring of Sim Esu {Fire rElec rPois rCorr}
  7322 | D:10     | Entered Level 10 of the Dungeon
  7519 | D:10     | Found a glowing golden altar of the Shining One.
  7970 | D:10     | Reached **** piety under Okawaru
  8128 | D:10     | Noticed a two-headed ogre
  8157 | D:10     | Killed a two-headed ogre
  8378 | Orc:1    | Entered Level 1 of the Orcish Mines
  8584 | Orc:1    | Noticed an orc sorcerer
  8593 | Orc:1    | Killed an orc sorcerer
  8593 | Orc:1    | Reached ***** piety under Okawaru
  8913 | Orc:2    | Entered Level 2 of the Orcish Mines
  8933 | Orc:2    | Reached XP level 12. HP: 79/79 MP: 12/12
  8994 | Orc:2    | Noticed Donald
  8994 | Orc:2    | Noticed Saint Roka
  8996 | Orc:2    | Noticed a soul eater
  9045 | D:9      | Reached skill level 10 in Maces & Flails
  9096 | Orc:1    | HP: 2/80 [orc warrior/+0 long sword[Saint Roka] (7)]
  9096 | Orc:1    | Slain by an ogre

Illustrated notes

Levels and vault maps discovered:
D:1:      ncdulo_smallfort, layout_loops_cross, serial_shops,
          nicolae_square_shop
D:2:      layout_loops_cross, nrook_loot_triangle
D:3:      layout_rooms, ebering_ghost_sewer_f, amcnicky_mini_pool_small,
          moated_statue, chequers_serial_rivers_large_b, minmay_bisected,
          uniq_jessica
D:4:      layout_basic, vehumet_crystals, trog_ov_bears_minmay,
          corexii_hall_statues_x, serial_bayou_pond_a
D:5:      layout_basic, nicolae_ru_awakened_eye, led_sif_book, serial_shops,
          nicolae_shop_bloodbath_and_beyond, minmay_circle_x
D:6:      layout_loops_ring, nicolae_xom_altar_mimics, lemuel_crystal_altar,
          nicolae_qazlal_general_emergency, temple_doors_ab,
          hangedman_abyss_or_decor_jellyfish_corner
D:7:      layout_cave_pools, minmay_ruffians
D:8:      layout_loops_ring, mainiacjoe_overflow_surrounded_room, uniq_psyche,
          uniq_gastronok
D:9:      layout_basic, orc_0_dummy, minmay_mirror_moons_of_madness, uniq_erica
D:10:     layout_basic, nicolae_tso_swordbearing_angel, serial_rivers,
          chequers_serial_rivers_large_a, chequers_serial_rivers_room_a,
          chequers_serial_rivers_room_a, chequers_serial_rivers_small_a,
          chequers_serial_rivers_small_b
Orc:1:    layout_caves, basic_altar, nicolae_orc_crystal_geode
Orc:2:    grunt_orc_cross, layout_caves, serial_shops,
          nicolae_shop_real_fake_doors, uniq_donald

Skill      XL: |  1  2  3  4  5  6  7  8  9 10 11 12 |
---------------+-------------------------------------+-----
Fighting       | 4 5 6 8 9 10 11 | 11.2
Shields        | 4 5 6 8 9 10 11 | 11.2
Armour         | 4 5 6 8 9 10 11 | 11.2
Maces & Flails | 3 4 5 7 8 9 10 | 10.0

Action                     |  1- 3 |  4- 6 |  7- 9 | 10-12 || total
---------------------------+-------+-------+-------+-------++-------
  Melee: Flail             |   138 |   171 |   464 |   417 ||  1190
         Morningstar       |       |       |       |    83 ||    83
  Throw: Dart              |       |     9 |    10 |     6 ||    25
 Invoke: Heroism           |       |       |     2 |    13 ||    15
  Evoke: Wand              |       |       |     6 |    18 ||    24
    Use: Scroll            |       |     9 |       |    10 ||    19
 Armour: Scale mail        |    60 |   112 |   116 |       ||   288
         Chain mail        |       |       |   222 |   243 ||   465
         Plate armour      |       |       |       |   212 ||   212
  Dodge: Dodged            |    61 |    83 |   209 |   256 ||   609
  Block: Buckler           |    26 |    46 |   131 |   241 ||   444

Table legend: (Time is in decaauts)
 A = Elapsed time spent in this place.
 B = Non-inter-level travel time spent in this place.
 C = Inter-level travel time spent in this place.
 D = Time resting spent in this place.
 E = Time spent auto-exploring this place.
 F = Levels seen in this place.
 G = Mean time per level.
                   A        B        C        D        E       F      G
               +--------+--------+--------+--------+--------+-----+--------+
         Total |   9404 |   8878 |    526 |    303 |   5795 |  12 |  783.7 |
       Dungeon |   8689 |   8177 |    512 |    212 |   5446 |  10 |  868.9 |
  Orcish Mines |    715 |    701 |     14 |     91 |    349 |   2 |  357.5 |
               +--------+--------+--------+--------+--------+-----+--------+

Top non-repeatable levels by time:
     D:9: 1364 daAuts
    D:10: 1047 daAuts
     D:5: 967 daAuts
     D:8: 921 daAuts
     D:6: 885 daAuts
     D:4: 786 daAuts
     D:7: 735 daAuts
     D:1: 718 daAuts
   Orc:1: 672 daAuts
     D:2: 633 daAuts
     D:3: 630 daAuts
   Orc:2: 43 daAuts
